 Dungeon Crawl Stone Soup version 0.16.2-14-g7133f4a77c (webtiles) character file.

213161 faibistes the Eclecticist (level 18, -9/86 HPs)
             Began as a Deep Elf Wizard on Sept 17, 2021.
             Was the Champion of Sif Muna.
             Killed from afar by a manticore (11 damage)
             ... with a volley of spikes
             ... on level 4 of the Shoals on Sept 18, 2021.
             The game lasted 03:49:29 (69418 turns).

faibistes the Eclecticist (Deep Elf Wizard)        Turns: 69418, Time: 03:49:30

Health: -9/86      AC: 10    Str:  4    XL:     18   Next: 64%
Magic:  26/51      EV: 18    Int: 35    God:    Sif Muna [******]
Gold:   1573       SH:  0    Dex: 14    Spells: 12 memorised, 2 levels left

rFire  . . .     SeeInvis +     V - staff of earth
rCold  . . .     Clarity  .     t - +2 robe of Negation {Int+4 Dex+2}
rNeg   + . .     SustAb   .     (no shield)
rPois  +         Gourm    .     c - +2 hat
rElec  .         Spirit   .     U - +1 ratskin cloak {rPois rN+ Int-1 Dex-1}
rCorr  +         Warding  .     (no gloves)
rMut   .         Stasis   .     R - +1 pair of boots
MR     +....                    u - amulet "Hyelom" {rCorr SInv}
Stlth  ++........               F - ring of magical power
                                h - ring of wizardry

@: manticore barbs, somewhat resistant to hostile enchantments, unstealthy
A: no striking features
a: Channel Energy, Forget Spell, Renounce Religion


You were on level 4 of the Shoals.
You worshipped Sif Muna.
Sif Muna was exalted by your worship.
You were not hungry.

You visited 7 branches of the dungeon, and saw 37 of its levels.
You also visited: Ossuary and Bailey.

You collected 3375 gold pieces.
You spent 1802 gold pieces at shops.

Inventory:

Armour
 c - a +2 hat (worn)
 t - the +2 robe of Negation (worn) {Int+4 Dex+2}
   (You found it on level 8 of the Lair of Beasts)

   It affects your intelligence (+4).
   It affects your dexterity (+2).
 R - a +1 pair of boots (worn)
 U - the +1 ratskin cloak (worn) {rPois rN+ Int-1 Dex-1}
   (You bought it in a shop on level 3 of the Orcish Mines)

   It affects your intelligence (-1).
   It affects your dexterity (-1).
   It protects you from poison.
   It protects you from negative energy.
Magical staves
 V - an uncursed staff of earth (weapon)
Jewellery
 h - a ring of wizardry (left hand)
 r - an uncursed amulet of resist mutation
 u - the amulet "Hyelom" (around neck) {rCorr SInv}
   (You bought it in a shop on level 4 of the Orcish Mines)

   [amulet of resist corrosion]

   It protects you from acid and corrosion.
   It enhances your eyesight.
 F - a ring of magical power (right hand)
 I - an uncursed ring of flight
 K - the ring "Schaca" {rPois rC+ MR- SInv}
   (You found it on level 2 of the Shoals)

   [ring of poison resistance]

   It protects you from cold.
   It protects you from poison.
   It affects your resistance to hostile enchantments.
   It enhances your eyesight.
 X - an uncursed ring of protection from cold
 Z - an uncursed ring of ice
Magical devices
 a - a wand of fireball (4)
 b - a wand of disintegration (19)
 q - a wand of polymorph (10)
 y - a wand of fire (6)
 C - a wand of digging (10)
 D - a wand of lightning (7)
 H - a wand of disintegration (19)
 O - a wand of lightning (7)
 P - a wand of confusion (18)
 T - a wand of cold (9)
 Y - a wand of teleportation (7)
Scrolls
 f - 8 scrolls of magic mapping
 i - 6 scrolls of teleportation
 o - 2 scrolls of holy word
 p - 12 scrolls of remove curse
 s - 2 scrolls of fog
 v - 13 scrolls of recharging
 w - 2 scrolls of blinking
 G - 4 scrolls of fear
 L - 5 scrolls of identify
 W - 2 scrolls of immolation
Potions
 e - 2 potions of ambrosia
 j - 16 potions of curing
 k - 2 potions of cancellation
 m - 5 potions of resistance
 n - 2 potions of magic
 x - 4 potions of haste
 A - 5 potions of brilliance
 B - 6 potions of heal wounds
 E - 2 potions of invisibility
 J - 5 potions of restore abilities
 N - 2 potions of flight
 S - 3 potions of cure mutation
Miscellaneous
 Q - a lamp of fire
Comestibles
 d - 20 bread rations
 g - 9 meat rations
 l - 2 royal jellies
 z - 3 chunks of flesh


   Skills:
 - Level 0.7 Fighting
 - Level 10.2 Dodging
 - Level 2.4 Stealth
 + Level 19.7 Spellcasting
 + Level 15.4 Conjurations
 - Level 7.3 Charms
   Level 1.1 Summonings
 * Level 7.6 Translocations
 - Level 3.2 Transmutations
 + Level 15.5 Fire Magic
 - Level 4.3 Air Magic
 + Level 15.6 Earth Magic
 - Level 2.5 Poison Magic
 - Level 10.0 Invocations
 - Level 9.5 Evocations


You had 2 spell levels left.
You knew the following spells:

 Your Spells              Type           Power        Failure   Level  Hunger
a - Airstrike             Air            ####......   1%          4    None
b - Conjure Flame         Conj/Fire      #######.     0%          3    None
c - Iskenderun's Battles  Conj/Chrm      #######.     1%          5    None
d - Blink                 Tloc           N/A          1%          2    None
e - Mephitic Cloud        Conj/Pois/Air  #####...     1%          3    None
f - Deflect Missiles      Chrm/Air       #####.....   6%          6    None
g - Iron Shot             Conj/Erth      ########..   1%          6    None
i - Ignite Poison         Fire/Trmt      #######...   1%          5    None
l - Lee's Rapid Deconstr  Erth           ########..   1%          5    None
v - Bolt of Fire          Conj/Fire      #######...   1%          6    None
x - Force Lance           Conj/Tloc      #######.     1%          4    None
z - Fireball              Conj/Fire      #######...   1%          5    None


Dungeon Overview and Level Annotations

Branches:
Dungeon (13/15)            Temple (1/1) D:7            Lair (8/8) D:9
 Shoals (4/5) Lair:6        Snake (5/5) Lair:4        Slime (0/6) Lair:7
    Orc (4/4) D:12            Elf (2/3) Orc:3
 Vaults: D:13-14

Altars:
Ashenzari
Cheibriados
Dithmenos
Elyvilon
Fedhas
Gozag
Kikubaaqudgha
Makhleb
Nemelex Xobeh
Okawaru
Qazlal
Ru
Sif Muna
Trog
Vehumet
Xom
Yredelemnul
Zin
The Shining One
Beogh
Jiyva

Shops:
D:12 ?   Orc:2 !   Orc:3 [   Orc:4 =(*[   Elf:2 *   Shoals:2 }   Snake:2 *

Annotations:
D:8 exclusion: 2 oklob saplings


Message History

You feel a surge of power!
The wall shatters!
The blast of rock fragments hits the merfolk.
The merfolk is moderately wounded.
The blast of rock fragments hits the merfolk javelineer.
The merfolk javelineer is moderately wounded.
The merfolk javelineer throws a silver javelin.
The silver javelin hits you!
The manticore flicks its tail.
The volley of spikes hits you!
The barbed spikes become lodged in your body.
Unknown command.
Unknown command.
Unknown command.
The merfolk javelineer throws a silver javelin.
The silver javelin hits you!!
* * * LOW HITPOINT WARNING * * *
The manticore flicks its tail.
The volley of spikes hits you!
The barbed spikes become lodged in your body.
You die...

# m.. #..$ #....
m.≈≈.H.######
..≈≈..mm...(## ≈
..≈≈≈≈≈≈.)).@####..≈≈≈
≈≈≈≈≈≈≈≈≈≈≈......≈≈≈≈
...≈≈..≈C§≈.(...≈≈≈≈≈
≈≈≈≈..≈≈§≈≈≈≈≈≈≈≈≈≈≈
.≈≈..≈≈H≈≈≈≈≈≈≈≈≈≈≈
...≈C≈≈≈≈≈≈≈≈≈≈≈≈≈
≈≈≈≈≈≈≈≈≈≈≈≈≈≈≈≈
.≈≈≈≈≈≈≈≈≈≈≈≈
≈≈≈≈Y≈≈≈≈≈≈


You could see a merfolk javelineer, a merfolk, a manticore, a cyclops, a harpy
and a sheep.

Vanquished Creatures
  Norris (Shoals:2)
  A deep elf blademaster (Elf:2)
  A kraken (Shoals:3)
  Frances (Snake:3)
  Donald (Snake:1)
  2 orc warlords
  Maud (Lair:5)
  3 greater nagas
  Louise (Elf:2)
  2 frost giants (Shoals:2)
  Jorgrun (Snake:5)
  2 stone giants (Shoals:2)
  2 deep elf demonologists
  Snorg (Lair:7)
  7 merfolk impalers
  Fannar (Elf:1)
  A vault guard (D:13)
  A merfolk avatar (Shoals:1)
  7 naga warriors
  3 catoblepae (Lair:8)
  3 merfolk aquamancers
  3 anacondas
  12 hydras
  14 dancing weapons (Elf:2)
  29 death yaks
  7 naga sharpshooters
  7 shock serpents
  2 orc high priests
  9 deep elf knights
  Nergalle (Orc:4)
  2 unseen horrors (D:12)
  A salamander mystic (Snake:4)
  3 skeletal warriors
  11 sea snakes
  5 deep elf summoners
  2 hill giants
  19 harpies
  8 deep elf conjurers
  5 naga ritualists
  15 mana vipers
  4 orc sorcerers
  12 salamanders
  9 cyclopes
  5 orc knights
  6 manticores
  10 elephants
  11 fauns
  3 water nymphs
  2 griffons
  41 black mambas
  2 guardian serpents (Snake:2)
  6 sirens
  A torpor snail (Lair:8)
  2 orange demons (Orc:4)
  A gargoyle (D:13)
  13 naga magi
  2 fire drakes
  19 spiny frogs
  A yaktaur (D:13)
  6 deep elf priests
  28 merfolk
  14 komodo dragons
  5 wind drakes
  2 polar bears
  2 boulder beetles
  9 trolls
  5 slime creatures
  12 snapping turtles
  3 basilisks
  14 blink frogs
  16 deep elf magi
  A wraith (D:11)
  11 water elementals
  4 wandering mushrooms (D:8)
  A wyvern (Lair:7)
  55 yaks
  17 deep elf fighters
  2 hungry ghosts
  A steam dragon (Lair:5)
  2 vampire mosquitoes (D:12)
  16 hippogriffs
  3 wargs
  15 wolves
  46 nagas
  A mottled dragon (D:11)
  37 orc warriors
  11 porcupines
  6 sky beasts
  38 water moccasins
  5 phantoms
  5 ice beasts
  3 necrophages
  11 ogres
  10 centaurs
  8 crocodiles
  30 giant frogs
  2 big kobolds
  An elf zombie (Ossuary)
  Blork the orc (Orc:4)
  A wyvern zombie (D:7)
  7 scorpions
  11 killer bees
  2 electric eels (D:9)
  10 hounds
  3 goliath beetles
  3 centaur zombies
  2 wasp zombies
  9 crimson imps
  2 jellies
  A gnoll shaman (D:9)
  3 human zombies (Ossuary)
  27 orc priests
  A centaur skeleton (D:8)
  3 giant frog skeletons
  39 orc wizards
  16 iguanas
  34 sheep
  12 worker ants
  A hell rat (Elf:1)
  A big kobold zombie (Ossuary)
  2 hound zombies
  2 hound skeletons
  4 mummies
  9 gnolls
  2 shadow imps
  31 adders
  101 river rats
  2 giant mites (D:10)
  A worm (D:2)
  An adder skeleton (D:5)
  3 adder zombies (Ossuary)
  8 giant geckos
  An ooze (D:3)
  207 orcs
  A ball python (D:4)
  22 goblins
  22 hobgoblins
  10 jackals
  14 quokkas
  23 bats
  4 giant cockroaches
  6 giant newts
  3 gnoll zombies (Ossuary)
  A goblin zombie (Ossuary)
  4 hobgoblin zombies (Ossuary)
  3 jackal zombies (Ossuary)
  40 kobolds
  2 kobold zombies (Ossuary)
  2 orc skeletons (Orc:4)
  An orc zombie (Ossuary)
  4 quokka zombies (Ossuary)
  22 rats
  4 rat zombies (Ossuary)
  9 ballistomycetes (D:12)
  2 bushes
  3 fungi
  8 plants
  2 tentacles (Shoals:3)
1581 creatures vanquished.

Vanquished Creatures (collateral kills)
  A yak (Lair:3)
  2 river rats (Lair:3)
3 creatures vanquished.

Vanquished Creatures (others)
  A blink frog (Lair:7)
  A giant frog (Lair:7)
  A shadow imp (D:6)
  3 giant spores (D:12)
  A ballistomycete (D:12)
  3 bushes (Lair:7)
  75 fungi
  70 plants
  6 tentacles (Shoals:3)
  41 tentacle segments (Shoals:3)
202 creatures vanquished.

Grand Total: 1786 creatures vanquished

Notes
Turn   | Place    | Note
--------------------------------------------------------------
     0 | D:1      | faibistes, the Deep Elf Wizard, began the quest for the Orb.
     0 | D:1      | Reached XP level 1. HP: 10/10 MP: 6/6
   223 | D:1      | Found a snail-covered altar of Cheibriados.
   346 | D:1      | Reached XP level 2. HP: 15/15 MP: 8/10
   397 | D:1      | Learned a level 2 spell: Blink
   400 | D:1      | Learned a level 2 spell: Call Imp
   606 | D:1      | Reached skill level 5 in Spellcasting
  1501 | D:3      | Reached XP level 3. HP: 19/19 MP: 12/14
  1506 | D:3      | Learned a level 3 spell: Conjure Flame
  1510 | D:3      | Learned a level 3 spell: Mephitic Cloud
  1792 | D:2      | Learned a level 2 spell: Repel Missiles
  2221 | D:2      | Reached XP level 4. HP: 24/24 MP: 7/17
  2950 | D:4      | Reached skill level 6 in Spellcasting
  3228 | D:3      | Found a sparkling altar of Nemelex Xobeh.
  3294 | D:4      | Reached XP level 5. HP: 15/28 MP: 6/20
  3807 | D:4      | Noticed an ogre
  3820 | D:4      | Killed an ogre
  3820 | D:4      | Reached XP level 6. HP: 32/32 MP: 5/22
  3947 | D:5      | Entered Level 5 of the Dungeon
  4056 | D:5      | Learned a level 4 spell: Iskenderun's Mystic Blast
  4058 | D:5      | Found a sand-covered staircase.
  4068 | Ossuary  | Entered an ossuary
  4187 | Ossuary  | Reached skill level 7 in Spellcasting
  4770 | Ossuary  | Reached XP level 7. HP: 36/36 MP: 19/25
  4992 | Ossuary  | Reached skill level 5 in Conjurations
  5183 | D:4      | Noticed a phantom
  5200 | D:4      | Killed a phantom
  5200 | D:4      | Reached skill level 1 in Air Magic
  5706 | D:5      | Reached skill level 1 in Poison Magic
  6526 | D:5      | Reached skill level 8 in Spellcasting
  6526 | D:5      | Reached XP level 8. HP: 41/41 MP: 18/27
  6946 | D:5      | Reached skill level 5 in Dodging
  7424 | D:6      | Found a sparkling altar of Nemelex Xobeh.
  7977 | D:6      | Reached skill level 9 in Spellcasting
  8464 | D:6      | Reached XP level 9. HP: 40/45 MP: 14/29
  9141 | D:10     | Entered Level 10 of the Dungeon
  9408 | D:7      | Reached skill level 10 in Dodging
  9604 | D:7      | Found a staircase to the Ecumenical Temple.
  9613 | Temple   | Entered the Ecumenical Temple
  9616 | Temple   | Became a worshipper of Sif Muna the Loreminder
  9624 | Temple   | Learned a level 6 spell: Iron Shot
 10261 | D:7      | Reached skill level 1 in Earth Magic
 10375 | D:7      | Reached skill level 1 in Invocations
 10655 | D:7      | Reached skill level 1 in Fire Magic
 11440 | D:8      | Acquired Sif Muna's first power
 11545 | D:8      | Reached XP level 10. HP: 51/51 MP: 25/31
 11672 | D:8      | Reached skill level 10 in Spellcasting
 12273 | D:8      | Learned a level 6 spell: Bolt of Fire
 12463 | D:8      | Found a blossoming altar of Fedhas.
 12749 | D:8      | Found an ancient bone altar of Kikubaaqudgha.
 13210 | D:9      | Found a staircase to the Lair.
 13216 | D:9      | Noticed an elephant
 13228 | D:9      | Killed an elephant
 13228 | D:9      | Reached skill level 1 in Evocations
 13424 | D:9      | Acquired Sif Muna's second power
 14934 | D:10     | Reached skill level 11 in Spellcasting
 15090 | D:10     | Reached skill level 5 in Earth Magic
 15491 | D:10     | Noticed a hill giant
 15532 | D:10     | Killed a hill giant
 15752 | D:10     | Reached XP level 11. HP: 55/55 MP: 19/33
 15999 | Lair:1   | Entered Level 1 of the Lair of Beasts
 16045 | Lair:1   | Reached skill level 5 in Fire Magic
 16361 | Lair:1   | Reached skill level 5 in Invocations
 17957 | Lair:3   | Noticed a four-headed hydra
 17965 | Lair:3   | Killed a four-headed hydra
 18165 | Lair:2   | Acquired Sif Muna's third power
 18541 | Lair:4   | Reached skill level 12 in Spellcasting
 20253 | Lair:2   | Reached XP level 12. HP: 60/60 MP: 29/35
 21539 | Lair:3   | Got an encrusted great mace
 21540 | Lair:3   | Identified the +6 great mace of Forced Transition {crush, -Cast rC+ MR++ MP+9 Dex-4} (You found it on level 3 of the Lair of Beasts)
 23101 | Lair:4   | Found a staircase to the Snake Pit.
 23670 | Lair:4   | Reached skill level 13 in Spellcasting
 23670 | Lair:4   | Reached skill level 5 in Evocations
 23778 | Lair:4   | Received a gift from Sif Muna
 23779 | Lair:4   | Identified Sif Muna's Advanced Spellweaving (Sif Muna gifted it to you on level 4 of the Lair of Beasts)
 23786 | Lair:4   | Learned a level 5 spell: Ignite Poison
 23804 | Lair:4   | Learned a level 5 spell: Lee's Rapid Deconstruction
 24133 | Lair:4   | Reached skill level 1 in Transmutations
 24365 | Lair:4   | Noticed a six-headed hydra
 24530 | Lair:4   | Killed a six-headed hydra
 25440 | Lair:5   | Reached XP level 13. HP: 28/64 MP: 13/36
 26281 | Lair:5   | Noticed Maud
 26296 | Lair:5   | Killed Maud
 26699 | Lair:5   | Reached skill level 14 in Spellcasting
 26850 | Lair:5   | Received a gift from Sif Muna
 29846 | Lair:6   | Found a staircase to the Shoals.
 30221 | Lair:7   | Reached skill level 10 in Invocations
 30347 | Lair:7   | Reached skill level 10 in Fire Magic
 30639 | Lair:7   | Reached skill level 10 in Earth Magic
 30794 | Lair:8   | Entered Level 8 of the Lair of Beasts
 30965 | Lair:7   | Reached XP level 14. HP: 23/68 MP: 6/38
 31177 | Lair:7   | Reached skill level 10 in Conjurations
 31259 | Lair:7   | Learned a level 5 spell: Fireball
 31335 | Lair:7   | Noticed Snorg
 31338 | Lair:7   | Killed Snorg
 31391 | Lair:7   | Received a gift from Sif Muna
 31392 | Lair:7   | Identified Sif Muna's Tome of Fire (Sif Muna gifted it to you on level 7 of the Lair of Beasts)
 32480 | Lair:7   | Reached skill level 15 in Spellcasting
 32790 | Lair:8   | Got an ancient robe
 32801 | Lair:8   | Identified the +2 robe of Negation {Int+4 Dex+2} (You found it on level 8 of the Lair of Beasts)
 33072 | Lair:7   | Found a viscous altar of Jiyva.
 33072 | Lair:7   | Found a staircase to the Slime Pits.
 34543 | Lair:8   | Received a gift from Sif Muna
 34544 | Lair:8   | Identified Sif Muna's Papyrus of Damaging Clay (Sif Muna gifted it to you on level 8 of the Lair of Beasts)
 35884 | Lair:3   | Reached XP level 15. HP: 70/72 MP: 1/39
 36216 | D:12     | Found Klua's Magic Scroll Shoppe.
 37185 | D:12     | Bought a scroll of identify for 36 gold pieces
 37185 | D:12     | Bought a scroll of teleportation for 54 gold pieces
 37185 | D:12     | Bought a scroll of identify for 36 gold pieces
 37212 | D:11     | Reached skill level 16 in Spellcasting
 37614 | D:11     | Noticed a centaur zombie
 37616 | D:11     | Killed a centaur zombie
 38418 | D:12     | Found a staircase to the Orcish Mines.
 38571 | D:12     | Received a gift from Sif Muna
 38572 | D:12     | Identified Sif Muna's Almanac of Combat Magic and the Frostbite (Sif Muna gifted it to you on level 12 of the Dungeon)
 38914 | D:13     | Found a flagged portal.
 38923 | Bailey   | Entered a bailey
 40102 | Lair:2   | Learned a level 4 spell: Airstrike
 41063 | Orc:1    | Entered Level 1 of the Orcish Mines
 41902 | Orc:3    | Found a staircase to the Elven Halls.
 42156 | Orc:1    | Found a shimmering altar of Xom.
 42666 | Orc:2    | Found a burning altar of Makhleb.
 42845 | Orc:4    | Entered Level 4 of the Orcish Mines
 42995 | Orc:2    | Found Teso's Distillery.
 43003 | Orc:2    | Bought a potion of cancellation for 80 gold pieces
 43003 | Orc:2    | Bought 2 potions of heal wounds for 100 gold pieces
 44212 | Orc:2    | Found a roughly hewn altar of Beogh.
 44601 | Orc:2    | Got a faintly glowing robe
 44612 | Orc:2    | Identified the cursed -2 robe "Edyuz" {-Cast rPois rF+ Int+2} (You took it off an orc on level 2 of the Orcish Mines)
 44804 | Orc:3    | Found Schajuag's Armour Shop.
 44828 | Orc:3    | Bought the +1 ratskin cloak {rPois rN+ Int-1 Dex-1} for 269 gold pieces
 46310 | Orc:4    | Noticed Nergalle
 46313 | Orc:4    | Killed Nergalle
 46627 | Orc:4    | Found a roughly hewn altar of Beogh.
 46627 | Orc:4    | Noticed Blork the orc
 46647 | Orc:4    | Killed Blork the orc
 47049 | Orc:4    | Found Ewom's Antique Weapon Emporium.
 47192 | Orc:4    | Found Mnuoniaj's Jewellery Emporium.
 47231 | Orc:4    | Bought the amulet "Hyelom" {rCorr SInv} for 405 gold pieces
 47326 | Orc:4    | Found Rekhlefoi's Antique Armour Emporium.
 47332 | Orc:4    | Bought a brightly glowing robe for 142 gold pieces
 47342 | Orc:4    | Identified the cursed -3 robe of Servitude {+Inv rF+ MR-} (You bought it in a shop on level 4 of the Orcish Mines)
 47350 | Orc:4    | Bought a glowing hat for 100 gold pieces
 47865 | Orc:4    | Found Pruyxoec's General Store.
 47871 | Orc:4    | Bought a scroll of fog for 30 gold pieces
 47871 | Orc:4    | Bought a scroll of recharging for 142 gold pieces
 47871 | Orc:4    | Bought a scroll of identify for 30 gold pieces
 47871 | Orc:4    | Bought a scroll of teleportation for 45 gold pieces
 47962 | Elf:1    | Entered Level 1 of the Elven Halls
 48085 | Elf:1    | Received a gift from Sif Muna
 48204 | Elf:1    | Identified Sif Muna's Guide on Arcane Weapons and Toxins (Sif Muna gifted it to you on level 1 of the Elven Halls)
 48379 | Elf:1    | Reached skill level 17 in Spellcasting
 49048 | Elf:1    | Noticed Fannar
 49049 | Elf:1    | Killed Fannar
 49223 | Elf:1    | Found an ancient bone altar of Kikubaaqudgha.
 49417 | Elf:1    | Reached XP level 16. HP: 77/77 MP: 38/41
 49754 | Lair:2   | Noticed an eight-headed hydra
 49758 | Lair:2   | Killed an eight-headed hydra
 50253 | Elf:2    | Found Kutuek's General Store.
 50320 | Elf:2    | Noticed a Shadow Fiend
 50442 | Elf:2    | Noticed Louise
 50449 | Elf:2    | Killed Louise
 51088 | Elf:2    | Found a huge runed gate.
 51088 | Elf:2    | Found a huge runed gate.
 51089 | Elf:2    | Found a huge runed gate.
 51089 | Elf:2    | Found a huge runed gate.
 51091 | Elf:2    | Found a huge runed gate.
 51389 | Elf:2    | Received a gift from Sif Muna
 51390 | Elf:2    | Identified Sif Muna's Guide on Excruciating Flames (Sif Muna gifted it to you on level 2 of the Elven Halls)
 51488 | Elf:2    | Noticed a deep elf blademaster
 51491 | Elf:2    | Killed a deep elf blademaster
 52580 | Lair:2   | Learned a level 6 spell: Deflect Missiles
 52663 | Snake:1  | Entered Level 1 of the Snake Pit
 53691 | Snake:1  | Reached skill level 18 in Spellcasting
 54056 | Snake:1  | Received a gift from Sif Muna
 54061 | Snake:1  | Identified Roxanne's Compendium of the Wasp (Sif Muna gifted it to you on level 1 of the Snake Pit)
 54222 | Snake:1  | Noticed Donald
 54227 | Snake:1  | Killed Donald
 54810 | Snake:2  | Found Xukolit's Assorted Antiques.
 54822 | Snake:2  | Bought a blackened fluorescent wand for 148 gold pieces
 54822 | Snake:2  | Bought a glowing ivory amulet for 185 gold pieces
 56243 | Snake:2  | Reached XP level 17. HP: 81/81 MP: 10/42
 57687 | Snake:5  | Entered Level 5 of the Snake Pit
 57706 | Snake:5  | Noticed Jorgrun
 57709 | Snake:5  | Killed Jorgrun
 57922 | Snake:4  | Received a gift from Sif Muna
 57923 | Snake:4  | Identified Sif Muna's Handbook of Confrontation (Sif Muna gifted it to you on level 4 of the Snake Pit)
 57950 | Snake:3  | Identified a scroll of acquirement
 57951 | Snake:3  | Identified Mnoesac's Compendium of Creative Battle Magic (You acquired it on level 3 of the Snake Pit)
 58937 | Snake:3  | Noticed Frances
 58943 | Snake:3  | Killed Frances
 59836 | Snake:4  | Reached skill level 19 in Spellcasting
 60693 | Snake:4  | Reached skill level 15 in Earth Magic
 61830 | Lair:2   | Learned a level 5 spell: Iskenderun's Battlesphere
 61904 | Shoals:1 | Entered Level 1 of the Shoals
 61906 | Shoals:1 | Reached skill level 1 in Charms
 62533 | Shoals:2 | Noticed Norris
 62539 | Shoals:2 | Received a gift from Sif Muna
 62540 | Shoals:2 | Killed Norris
 62540 | Shoals:2 | Reached skill level 15 in Conjurations
 62540 | Shoals:2 | Reached skill level 15 in Fire Magic
 62540 | Shoals:2 | HP: 1/81 [wind drake/the air (5)]
 63702 | Shoals:2 | Reached XP level 18. HP: 86/86 MP: 35/43
 63712 | Shoals:2 | Reached skill level 5 in Charms
 63719 | Shoals:2 | Identified Sif Muna's Handbook of a Thousand Beggars (Sif Muna gifted it to you on level 2 of the Shoals)
 64008 | Lair:2   | Learned a level 4 spell: Force Lance
 64019 | Lair:2   | Learned a level 5 spell: Iskenderun's Battlesphere
 64339 | Shoals:1 | Reached skill level 5 in Translocations
 65918 | Shoals:3 | Received a gift from Sif Muna
 65919 | Shoals:3 | Identified Sif Muna's Handbook of Dusty Arcane Weapons (Sif Muna gifted it to you on level 3 of the Shoals)
 66574 | Shoals:2 | Found Klibaod's Gadget Emporium.
 67353 | Shoals:2 | Got a steaming wooden ring
 67418 | Shoals:2 | Identified the ring "Schaca" {rPois rC+ MR- SInv} (You found it on level 2 of the Shoals)
 69418 | Shoals:4 | HP: 2/86 [merfolk javelineer/silver javelin (24)]
 69418 | Shoals:4 | Killed from afar by a manticore

Action                   |  1- 3 |  4- 6 |  7- 9 | 10-12 | 13-15 | 16-18 || total
-------------------------+-------+-------+-------+-------+-------+-------++-------
Melee: Unarmed           |       |    17 |    13 |     1 |       |       ||    31
       Short sword       |       |       |       |    10 |    19 |     1 ||    30
       Staff             |       |       |       |       |       |     5 ||     5
 Cast: Magic Dart        |   108 |   133 |   486 |   274 |    12 |       ||  1013
       Mephitic Cloud    |     1 |     3 |    38 |    39 |    22 |     1 ||   104
       Conjure Flame     |       |    20 |    36 |   139 |    52 |       ||   247
       Repel Missiles    |       |     1 |     1 |       |     2 |     1 ||     5
       Blink             |       |     2 |    17 |    23 |    18 |     9 ||    69
       Iskenderun's Myst |       |       |     8 |   265 |   143 |    10 ||   426
       Call Imp          |       |       |     1 |       |       |       ||     1
       Bolt of Fire      |       |       |       |     8 |   119 |   171 ||   298
       Ignite Poison     |       |       |       |     7 |    99 |   195 ||   301
       Lee's Rapid Decon |       |       |       |       |    99 |   102 ||   201
       Fireball          |       |       |       |       |   330 |   165 ||   495
       Airstrike         |       |       |       |       |     8 |    50 ||    58
       Iron Shot         |       |       |       |       |       |    23 ||    23
       Deflect Missiles  |       |       |       |       |       |     5 ||     5
       Iskenderun's Batt |       |       |       |       |       |    14 ||    14
       Force Lance       |       |       |       |       |       |    16 ||    16
Invok: Channel Energy    |       |       |       |    54 |    68 |    72 ||   194
 Abil: Evoke Flight      |       |       |       |       |       |     2 ||     2
Evoke: Lamp of fire      |       |       |       |     1 |       |       ||     1
       Wand              |       |       |       |       |       |     5 ||     5
  Use: Scroll            |       |     6 |    16 |    12 |    13 |    12 ||    59
       Potion            |       |       |     1 |     1 |     5 |     4 ||    11
  Eat: Chunk             |     4 |     6 |    17 |    45 |    75 |    57 ||   204
       Pizza             |       |     1 |       |       |     1 |       ||     2
       Royal jelly       |       |       |     1 |       |       |     3 ||     4
       Fruit             |       |       |     2 |     7 |     7 |     5 ||    21
       Beef jerky        |       |       |       |       |     3 |     2 ||     5
